 Dungeon Crawl Stone Soup version 0.28-a0-909-g796cbd3a86 (webtiles) character file.

Game seed: 15794580374310584234

111 siradein the Gusty (level 4, -4/33 HPs)
             Began as a Draconian Air Elementalist on Nov 24, 2021.
             Slain by a gnoll (5 damage)
             ... on level 3 of the Dungeon.
             The game lasted 00:12:08 (3209 turns).

siradein the Gusty (Draconian Air Elementalist)     Turns: 3209, Time: 00:12:08

Health: -4/33      AC:  8    Str: 10    XL:     4   Next: 62%
Magic:  2/8        EV: 12    Int: 16    God:
Gold:   49         SH:  0    Dex: 12    Spells: 2/8 levels left

rFire   . . .      SeeInvis .   j - staff of air
rCold   . . .      Faith    .   (no shield)
rNeg    . . .      Spirit   .   (armour unavailable)
rPois   .          Reflect  .   (helmet restricted)
rElec   +          Harm     .   m - +0 cloak
rCorr   .          Rampage  .   l - +0 pair of gloves
Will    .....                   g - +0 pair of boots
Stlth   ++........              (no amulet)
HPRegen 0.11/turn               (no ring)
MPRegen 0.11/turn               (no ring)

@: no status effects
A: AC +5, unfitting armour, cold-blooded
a: no special abilities


You were on level 3 of the Dungeon.
You visited 1 branch of the dungeon, and saw 3 of its levels.

You collected 157 gold pieces.
You spent 108 gold pieces at shops.

Inventory:

Missiles
 b - 4 boomerangs of dispersal
 h - 27 poisoned darts
Armour
 g - a +0 pair of boots (worn)
 l - a +0 pair of gloves (worn)
 m - a +0 cloak (worn)
Magical Staves
 j - a staff of air (weapon)
Scrolls
 a - a scroll of enchant weapon {unknown}
 c - a scroll of blinking {unknown}
 e - a scroll of noise {unknown}
 i - a scroll of amnesia {unknown}
 k - a scroll of acquirement {unknown}
Potions
 d - 2 potions of brilliance {unknown}
 f - a potion of heal wounds {unknown}


   Skills:
 + Level 2.6 Dodging
 - Level 1.7 Stealth
 + Level 2.8 Spellcasting
 + Level 2.3 Conjurations
 + Level 3.7 Air Magic


You had 2 spell levels left.
You knew the following spells:

 Your Spells              Type           Power      Damage    Failure   Level
a - Shock                 Conj/Air       68%        1d7       5%          1
b - Static Discharge      Conj/Air       17%        N/A       9%          2
c - Swiftness             Air            21%        N/A       12%         3

Your spell library contained the following spells:

 Spells                   Type           Power      Damage    Failure   Level
 Airstrike                Air            10%        N/A       38%         4
 Summon Forest            Summ/Tloc      1%         N/A       99%         5
 Summon Mana Viper        Hex/Summ       2%         N/A       99%         5
 Summon Cactus Giant      Summ           1%         N/A       100%        6


Dungeon Overview and Level Annotations

Branches:
Dungeon (3/15)

Altars:
Okawaru
Zin

Shops:
D:3 [

Annotations:
D:2 1 runed translucent door, Crazy Yiuf


Innate Abilities, Weirdness & Mutations

Your plain brown scales are hard. (AC +5)
You cannot fit into any form of body armour.
You are cold-blooded and may be slowed by cold attacks.


Message History

The gnoll is moderately wounded.
The gnoll closely misses you.
The gnoll hits you with a +2 whip of electrocution.
The gnoll closely misses you.
You barely miss the gnoll.
The gnoll is moderately wounded.
The gnoll barely misses you. The gnoll completely misses you.
The gnoll hits you with a +0 flail!
* * * LOW HITPOINT WARNING * * *
You hit the gnoll.
The gnoll is moderately wounded.
The gnoll misses you. x2
The gnoll hits you from afar with a +0 spear.
* * * LOW HITPOINT WARNING * * *
Your magical contamination has completely faded away.
You hit the gnoll.
The gnoll is severely wounded.
The gnoll barely misses you. The gnoll completely misses you.
You closely miss the gnoll.
The gnoll is severely wounded.
The gnoll hits you but does no damage. The gnoll misses you.
The gnoll completely misses you. The gnoll closely misses you.
You hit the gnoll but do no damage. You tail-slap the gnoll.
You kill the gnoll!
The gnoll hits you but does no damage.
You barely miss the gnoll. You tail-slap the gnoll.
The gnoll is heavily wounded.
The gnoll hits you from afar with a +0 spear.
* * * LOW HITPOINT WARNING * * *
The bullfrog skeleton closely misses you.
You hit the gnoll but do no damage.
The gnoll is heavily wounded.
The bullfrog skeleton hits you but does no damage.
The gnoll misses you.
The gnoll hits you with a +2 whip of electrocution.
* * * LOW HITPOINT WARNING * * *
The bullfrog skeleton closely misses you.
The gnoll misses you.
The gnoll hits you with a +2 whip of electrocution.
You die...

##### ....(. #...# ...... #...###
......# #.....# ......###.....##
###
...............################..
......##.....#.....##.......#...#
......##.#.#..####.##.........###
.........#.#..gZ@#.##........##
.......###.#.###g#..#........#
.......# #.#.# #...g.......>##
####>#.###.#.###............#
#..#.#.#.#.#..^##.........##
#..#..#.#.....####..........#
##.##.....g..###......รท........
.
#..##.#..........##<........####.
#.###.#.##..########....#######..


You could see 2 gnolls and a bullfrog skeleton.

Vanquished Creatures
  2 adders
  A gnoll (D:3)
  A worm (D:2)
  A dart slug (D:3)
  5 ball pythons
  6 bats
  7 endoplasms
  5 giant cockroaches
  8 goblins
  4 hobgoblins
  8 jackals
  8 kobolds
  2 quokkas
  2 frilled lizards (D:3)
  5 rats
65 creatures vanquished.

Notes
Turn   | Place    | Note
-------+----------+-------------------------------------------
     0 | D:1      | siradein the Draconian Air Elementalist began the quest for
                  | the Orb.
     0 | D:1      | Reached XP level 1. HP: 14/14 MP: 3/3
   346 | D:1      | Reached XP level 2. HP: 20/20 MP: 3/5
   354 | D:1      | Learned a level 2 spell: Static Discharge
   413 | D:1      | Found a faded altar of an unknown god.
  1166 | D:1      | Reached XP level 3. HP: 26/26 MP: 0/6
  1629 | D:1      | Learned a level 3 spell: Swiftness
  2568 | D:2      | Found a runed translucent door.
  2569 | D:2      | Noticed Crazy Yiuf
  2622 | D:3      | Reached XP level 4. HP: 33/33 MP: 0/8
  2763 | D:3      | Found Etih's Armour Emporium.
  2807 | D:3      | Bought a +0 pair of gloves for 54 gold pieces
  2807 | D:3      | Bought a +0 cloak for 54 gold pieces
  3125 | D:3      | Found a glowing silver altar of Zin.
  3128 | D:3      | Found an iron altar of Okawaru.
  3209 | D:3      | HP: 1/33 [gnoll (1)]
  3209 | D:3      | Slain by a gnoll

Illustrated notes

Levels and vault maps discovered:
D:1:      amcnicky_arrival_flooded_fountain, layout_basic,
          dreamdust_ecumenical_altar_angels_and_demons
D:2:      layout_rooms, minmay_domino_2, uniq_crazy_yiuf_cottage
D:3:      kennysheep_goblin_castle, layout_rooms,
          chequers_temple_overflow_statue_of_worship, serial_shops,
          nicolae_square_shop

Skill      XL: |  1  2  3 |
---------------+----------+-----
Dodging        | 2 |  2.6
Conjurations   | 2 |  2.3
Stealth        | |  1.7
Spellcasting   | |  2.8
Air Magic      | |  3.7

Action                   |  1- 3 |  4- 6 || total
-------------------------+-------+-------++-------
Melee: Unarmed           |     7 |       ||     7
       Staff             |       |    12 ||    12
       Tailslap          |       |     2 ||     2
Throw: Dart              |     6 |       ||     6
 Cast: Shock             |    94 |    30 ||   124
       Static Discharge  |     5 |     4 ||     9
Armor: Skin              |     9 |    10 ||    19
Dodge: Dodged            |    18 |    30 ||    48

Table legend: (Time is in decaauts)
 A = Elapsed time spent in this place.
 B = Non-inter-level travel time spent in this place.
 C = Inter-level travel time spent in this place.
 D = Time resting spent in this place.
 E = Time spent auto-exploring this place.
 F = Levels seen in this place.
 G = Mean time per level.
                   A        B        C        D        E       F      G
               +--------+--------+--------+--------+--------+-----+--------+
         Total |   3213 |   3128 |     85 |     71 |   2643 |   3 | 1071.0 |
       Dungeon |   3213 |   3128 |     85 |     71 |   2643 |   3 | 1071.0 |
               +--------+--------+--------+--------+--------+-----+--------+

Top non-repeatable levels by time:
     D:1: 1671 daAuts
     D:2: 1014 daAuts
     D:3: 527 daAuts
